 Dungeon Crawl Stone Soup version 0.25.1-1-g288607f5aa (webtiles) character file.

Game seed: 3632461958878521212

83 Kold the Insei (level 4, -2/28 HPs)
             Began as an Octopode Transmuter on July 24, 2020.
             Slain by an adder (3 damage)
             ... on level 2 of the Dungeon.
             The game lasted 00:02:01 (2282 turns).

Kold the Insei (Octopode Transmuter)                Turns: 2282, Time: 00:02:02

Health: -2/28      AC:  1    Str:  9    XL:     4   Next: 44%
Magic:  6/7        EV: 13    Int: 16    God:
Gold:   61         SH:  0    Dex: 12    Spells: 6/7 levels left

rFire    . . .     SeeInvis .     - Unarmed
rCold    . . .     Gourm    .   (no shield)
rNeg     . . .     Faith    .   (helmet restricted)
rPois    .         Spirit   .   (no amulet)
rElec    .         Reflect  .   (no ring)
rCorr    .         Harm     .   (no ring)
MR       .....                  (no ring)
Stlth    +++.......             (no ring)
HPRegen  0.09/turn              (no ring)
MPRegen  0.10/turn              (no ring)
                                (no ring)
                                (no ring)

@: lethally poisoned (-2 -> -5), appendage
A: almost no armour, stealthy swim, amphibious, 8 rings, constrict 8, tentacle
spike 3, camouflage 1, gelatinous body 1
a: End Transformation


You were on level 2 of the Dungeon.
You were hungry.
One of your tentacles had a temporary spike.
You visited 1 branch of the dungeon, and saw 2 of its levels.

You collected 61 gold pieces.

Inventory:

Missiles
 a - 34 arrows
Scrolls
 d - 2 scrolls of identify {unknown}
 e - a scroll of remove curse {unknown}
 f - 2 scrolls of teleportation {unknown}
 g - a scroll of blinking {unknown}
 h - 4 scrolls of enchant armour {unknown}
 i - 2 scrolls of amnesia {unknown}
 j - a scroll of fear {unknown}
Comestibles
 b - 10 chunks of flesh
 c - 3 rations


   Skills:
 - Level 1.0 Fighting
 - Level 2.0 Dodging
 - Level 2.0 Stealth
 + Level 4.0 Unarmed Combat
 - Level 2.0 Spellcasting
 + Level 3.2 Transmutations


You had 6 spell levels left.
You knew the following spells:

 Your Spells              Type           Power        Failure   Level  Hunger
a - Beastly Appendage     Tmut           ##....       5%          1    #......

Your spell library contained the following spells:

 Spells                   Type           Power        Failure   Level  Hunger
 Sticks to Snakes         Tmut           ##......     9%          2    ###....
 Spider Form              Tmut/Pois      #.........   32%         3    ###....
 Ice Form                 Ice/Tmut       #.......     71%         4    #####..
 Blade Hands              Tmut           ##........   83%         5    ######.


Dungeon Overview and Level Annotations

Branches:
Dungeon (2/15)

Altars:
Elyvilon


Innate Abilities, Weirdness & Mutations

You cannot wear most types of armour.
You are very stealthy in the water. (Stealth+)
You are amphibious.
You can wear up to eight rings at the same time.
You can use your tentacles to constrict eight enemies at once.
Your skin changes colour to match your surroundings (Stealth+).
Your rubbery body absorbs attacks. (AC +1, EV +1)
One of your tentacles bears a large vicious spike.


Message History

You tentacle-slap the adder.
You kill the adder!
Your Unarmed Combat skill increases to level 4!
The adder bites you.
* * * LOW HITPOINT WARNING * * *
You completely miss the adder. Your grab misses the adder.
Your squeeze misses the adder. The adder barely misses you.
You miss the adder. Your grab misses the adder.
* * * LOW HITPOINT WARNING * * *
You feel sick. The adder bites you.
* * * LOW HITPOINT WARNING * * *
You tentacle-slap the adder. Your grab misses the adder.
Your tentacle spike misses the adder.
You squeeze the adder.
The adder is severely wounded.
The adder barely misses you.
You are feeling hungry.
You miss the adder. Your grab misses the adder.
The adder is severely wounded.
The adder bites you.
You die...

#...........# #...........####..
.......$.......... #...........#
#.. #...........# #..
#...........# #.# #...........#
#.# #...........###.######
.....##..##rS@.......##### ###.#
##.##.###..........# #.
...#.......##.###.# #
.##.#####...##.# #.#### #. .##
#...##.###....# .
#..####.........###.#
#.........#..#.^....#
#############..###.###..###....##
#..............###.# #.#.....#...


You could see an adder and a quokka.

Vanquished Creatures
  3 adders (D:2)
  2 oozes
  A worm (D:2)
  2 dart slugs (D:1)
  A leopard gecko (D:1)
  A ball python (D:2)
  2 giant cockroaches
  3 goblins (D:1)
  7 hobgoblins
  7 kobolds (D:1)
  2 bats (D:1)
  3 frilled lizards
  5 rats (D:1)
39 creatures vanquished.

Notes
Turn   | Place    | Note
-------+----------+-------------------------------------------
     0 | D:1      | Kold the Octopode Transmuter began the quest for the Orb.
     0 | D:1      | Reached XP level 1. HP: 13/13 MP: 3/3
   240 | D:1      | Reached skill level 1 in Stealth
   240 | D:1      | Reached XP level 2. HP: 17/18 MP: 5/5
   833 | D:1      | Reached XP level 3. HP: 16/23 MP: 4/6
  2076 | D:2      | Reached XP level 4. HP: 28/28 MP: 7/7
  2234 | D:2      | Found a white marble altar of Elyvilon.
  2278 | D:2      | Reached skill level 4 in Unarmed Combat
  2280 | D:2      | HP: 1/28 [adder (2)]
  2282 | D:2      | Slain by an adder

Illustrated notes

Levels and vault maps discovered:
D:1:      kilobyte_arrival_exit_the_forest, layout_basic
D:2:      layout_basic, gammafunk_temple_overflow_forgotten,
          minmay_misc_feat_diagonals, grunt_ministairs_14

Skill      XL: |  1  2  3  4 |
---------------+-------------+-----
Stealth        | 1 2 |  2.0
Transmutations | 3 |  3.2
Unarmed Combat | 4 |  4.0
Fighting       | |  1.0
Dodging        | |  2.0
Spellcasting   | |  2.0

Action                   |  1- 3 |  4- 6 || total
-------------------------+-------+-------++-------
Melee: Unarmed           |    78 |    26 ||   104
       Constrict         |    23 |     4 ||    27
       Kick              |     7 |     3 ||    10
       Tentacles         |    10 |     3 ||    13
       Punch             |     2 |       ||     2
 Cast: Beastly Appendage |    11 |     3 ||    14
 Stab: Sleeping          |     5 |       ||     5
  Eat: Chunk             |     4 |       ||     4
Armor: Skin              |    10 |     2 ||    12
Dodge: Dodged            |    44 |    13 ||    57
